 Dungeon Crawl Stone Soup version 0.28.0-45-g0d030f2227 (webtiles) character file.

Game seed: 9658480783444609266

25 pkoi the Insei (level 2, -4/24 HPs)
             Began as a Demigod Gladiator on Apr 22, 2022.
             Slain by a goblin
             ... wielding a +0 dagger
             ... led by Robin
              (5 damage)
             ... on level 2 of the Dungeon.
             The game lasted 00:00:57 (1571 turns).

pkoi the Insei (Demigod Gladiator)                  Turns: 1571, Time: 00:00:57

Health: -4/24      AC:  4    Str: 15    XL:     2   Next: 66%
Magic:  4/4        EV: 12    Int: 10    God:
Gold:   61         SH:  0    Dex: 15    Spells: 1/1 levels left

rFire   . . .      SeeInvis .     - Unarmed
rCold   . . .      Faith    .   (no shield)
rNeg    . . .      Spirit   .   a - +0 leather armour
rPois   .          Reflect  .   b - +0 helmet
rElec   .          Harm     .   (no cloak)
rCorr   .          Rampage  .   (no gloves)
Will    .....                   (no boots)
Stlth   +.........              (no amulet)
HPRegen 0.08/turn               (no ring)
MPRegen 0.09/turn               (no ring)

@: no status effects
A: high MP 1, forlorn, divine attributes
a: no special abilities


You were on level 2 of the Dungeon.
You visited 1 branch of the dungeon, and saw 2 of its levels.

You collected 61 gold pieces.

Inventory:

Missiles
 c - 3 throwing nets (quivered)
Armour
 a - a +0 leather armour (worn)
 b - a +0 helmet (worn)
Scrolls
 d - 2 scrolls of teleportation {unknown}
 e - a scroll of enchant weapon {unknown}
 f - a scroll of amnesia {unknown}
 h - 3 scrolls of torment {unknown}
 i - 3 scrolls of identify {unknown}
Potions
 g - 2 potions of might {unknown}
 j - 2 potions of brilliance {unknown}
 k - a potion of curing {unknown}


   Skills:
 - Level 1.7 Fighting
 - Level 1.7 Throwing
 - Level 2.6 Dodging
 + Level 3.7 Unarmed Combat


You had one spell level left.
You didn't know any spells.
Your spell library contained the following spells:

 Spells                   Type           Power      Damage    Failure   Level
 Dazzling Flash           Conj/Hex       0%         N/A       80%         3
 Iskenderun's Mystic Bla  Conj/Tloc      0%         2d3       99%         4
 Starburst                Conj/Fire      0%         6d3       100%        6


Dungeon Overview and Level Annotations

Branches:
Dungeon (2/15)

Annotations:
D:2 Robin


Innate Abilities, Weirdness & Mutations

You have an increased reservoir of magic. (+10% MP)
You shall have no god before yourself.
Your divine heritage dramatically boosts your attributes as you level up.


Message History

You are too injured to fight recklessly!
You are too injured to fight recklessly!
You are too injured to fight recklessly!
You are too injured to fight recklessly!
You are too injured to fight recklessly!
You are too injured to fight recklessly!
You hit the goblin.
You kill the goblin!
Robin roars a battlecry!
The goblin goes into a battle-frenzy!
Items here: ))) ††.
You closely miss Robin. Robin misses you.
You hit Robin.
Robin is lightly wounded.
Robin throws the goblin at you! The goblin hits you with a +0 dagger.
* * * LOW HITPOINT WARNING * * *
You closely miss Robin. You punch Robin.
Robin is heavily wounded.
Robin completely misses you. The goblin hits you with a +0 dagger.
* * * LOW HITPOINT WARNING * * *
You closely miss Robin.
Robin is heavily wounded.
Robin closely misses you. The goblin barely misses you.
You hit Robin.
Robin is severely wounded.
Robin zaps a wand.
The puff of flame hits you.
* * * LOW HITPOINT WARNING * * *
The goblin barely misses you.
You hit Robin.
Robin is almost dead.
Robin hits you with a +0 short sword.
* * * LOW HITPOINT WARNING * * *
The goblin barely misses you.
Unknown command.
You hit Robin but do no damage.
Robin is almost dead.
Robin hits you with a +0 short sword.
* * * LOW HITPOINT WARNING * * *
The goblin hits you with a +0 dagger.
You die...

#.......###+### #.......
#.............# #....g..
#.............# #.......
#.............######....
#####'#####.......##....
#^..##........##....
########.##........##....
#......#g#.........##....
#......#@##........##....
#......#g#...<.....####+#
#......#.###.......###
#......#...........'.#
#...).....#........#.#
####............#.......##
#.......#................##
#.#...#.#..##.....#.......#
#.#.#.#........#.##.......#


You could see Robin and a goblin (strong).

Vanquished Creatures
  2 dart slugs
  2 ball pythons
  A bat (D:1)
  3 giant cockroaches
  5 goblins
  2 hobgoblins (D:1)
  A frilled lizard (D:2)
  A kobold (D:2)
  2 rats (D:1)
19 creatures vanquished.

Notes
Turn   | Place    | Note
-------+----------+-------------------------------------------
     0 | D:1      | pkoi the Demigod Gladiator began the quest for the Orb.
     0 | D:1      | Reached XP level 1. HP: 17/17 MP: 3/3
     3 | D:1      | Noticed an electric eel
     4 | D:1      | Noticed an electric eel
    86 | D:1      | Reached skill level 3 in Unarmed Combat
   545 | D:1      | Reached XP level 2. HP: 24/24 MP: 4/4
   656 | D:1      | You fall into a shaft and drop 1 floor!
  1492 | D:2      | Noticed Robin
  1571 | D:2      | HP: 1/24 [Robin/+0 short sword (2)]
  1571 | D:2      | Slain by a goblin

Illustrated notes

Levels and vault maps discovered:
D:1:      arrival_aquarium_b, layout_basic, minmay_misc_feat_nine_boxes,
          dk_noncrumbling_2
D:2:      layout_basic, minmay_cupped, uniq_robin

Skill      XL: |  1 |
---------------+----+-----
Unarmed Combat | 3 |  3.7
Fighting       | |  1.7
Throwing       | |  1.7
Dodging        | |  2.6

Action                   || total
-------------------------++-------
Melee: Unarmed           ||    71
       Punch             ||     5
Armor: Leather armour    ||    21
Dodge: Dodged            ||    38
